 Dungeon Crawl Stone Soup version 0.29.1-13-g9f3cf754e1 (webtiles) character file.

Game seed: 4201329499226929346

420 croobank the Changer (level 6, -2/40 (41) HPs)
             Began as an Octopode Transmuter on Jan 26, 2023.
             Slain by a necrophage (3 damage)
             ... on level 4 of the Dungeon.
             The game lasted 00:14:45 (5078 turns).

croobank the Changer (Octopode Transmuter)          Turns: 5078, Time: 00:14:45

HP:   -2/40 (41)    AC:  1    Str:  9    XL:     6   Next: 94%
MP:   10/10         EV: 14    Int: 23    God:
Gold: 143           SH:  0    Dex: 13    Spells: 5/11 levels left

rFire   . . .      SeeInvis +   r - +0 flail
rCold   . . .      Faith    .   (no shield)
rNeg    . . .      Spirit   .   (helmet restricted)
rPois   .          Reflect  .   (no amulet)
rElec   .          Harm     .   b - +6 ring of intelligence
rCorr   .          Rampage  .   y - ring of see invisible
Will    .....                   (no ring)
Stlth   ++........              (no ring)
HPRegen 0.13/turn               (no ring)
MPRegen 0.12/turn               (no ring)
                                (no ring)
                                (no ring)

@: wereblooded (expiring), hasted, lightly drained, very quick
A: almost no armour, amphibious, 8 rings, camouflage 1, gelatinous body 1,
(nimble swimmer 1), tentacles
a: no special abilities


You were on level 4 of the Dungeon.
You visited 1 branch of the dungeon, and saw 4 of its levels.
You also visited: Ossuary.

You collected 183 gold pieces.
You spent 40 gold pieces at shops.

Inventory:

Hand Weapons
 e - a +0 mace
 h - a +0 short sword
 l - a +0 dagger
 r - a +0 flail (weapon)
Missiles
 B - 2 boomerangs of dispersal (quivered)
Jewellery
 b - a +6 ring of intelligence (left tentacle)
 c - an amulet of faith
 y - a ring of see invisible (right tentacle)
Wands
 f - a wand of roots (4)
 o - a wand of acid (16)
 z - a wand of charming (3)
Scrolls
 g - a scroll of summoning
 m - a scroll of fog
 n - a scroll of enchant armour
 s - a scroll of noise
 t - a scroll of identify
 u - a scroll of brand weapon {unknown}
 v - a scroll of teleportation {unknown}
 w - a scroll of magic mapping {unknown}
 x - 2 scrolls of immolation {unknown}
Potions
 a - a potion of lignification
 d - a potion of ambrosia
 j - 4 potions of attraction
 k - a potion of invisibility
 p - a potion of haste
 q - a potion of mutation
 A - a potion of flight


   Skills:
 + Level 2.7 Fighting
 + Level 2.4 Maces & Flails
 + Level 3.2 Dodging
 - Level 3.0 Unarmed Combat
 + Level 3.2 Spellcasting
 + Level 1.6 Hexes
 * Level 1.8 Summonings
 + Level 3.3 Transmutations


You had 5 spell levels left.
You knew the following spells:

 Your Spells              Type           Power      Damage    Failure   Level
a - Beastly Appendage     Tmut           36%        N/A       3%          1
b - Wereblood             Tmut           18%        N/A       4%          2
c - Summon Guardian Gole  Hex/Summ       11%        N/A       17%         3

Your spell library contained the following spells:

 Spells                   Type           Power      Damage    Failure   Level
 Slow                     Hex            44%        N/A       6%          1
 Confusing Touch          Hex            11%        N/A       17%         3
 Spider Form              Tmut/Pois      11%        N/A       17%         3
 Vampiric Draining        Necr           3%         2d6       34%         3
 Ice Form                 Ice/Tmut       11%        N/A       50%         4
 Orb of Destruction       Conj           1%         9d5       100%        7
 Spellforged Servitor     Conj/Summ      4%         N/A       100%        7


Dungeon Overview and Level Annotations

Branches:
Dungeon (4/15)            Ossuary (visited)
 Temple: D:4-7

Altars:
Cheibriados
Xom
Zin

Shops:
D:2 ([?[   D:4 [=*


Innate Abilities, Weirdness & Mutations

You cannot wear most types of armour.
You are amphibious.
You can wear up to eight rings at the same time.
Your skin changes colour to match your surroundings (Stealth+).
Your rubbery body absorbs attacks. (AC +1, EV +1)
((You are camouflaged when in or above water. (Stealth+)))
You have tentacles for arms and can constrict up to eight enemies at once.


Message History

You howl as the wereblood boils in your veins!
Your transformation is almost over.
The centaur zombie closely misses you. The centaur zombie kicks you.
You hit the centaur zombie.
You pierce the centaur zombie.
The centaur zombie is heavily damaged.
The centaur zombie closely misses you. x2
The hobgoblin zombie barely misses you. The human zombie hits you.
* * * LOW HITPOINT WARNING * * *
The centaur zombie hits you.
* * * LOW HITPOINT WARNING * * *
The centaur zombie kicks you.
* * * LOW HITPOINT WARNING * * *
You howl as the wereblood boils in your veins!
Okay, then.
The centaur zombie attacks as you move away!
The centaur zombie barely misses you. The centaur zombie kicks you.
* * * LOW HITPOINT WARNING * * *
The centaur zombie misses you. The centaur zombie kicks you.
* * * LOW HITPOINT WARNING * * *
You feel yourself speed up. The centaur zombie closely misses you.
The centaur zombie barely misses you. The hobgoblin zombie misses you.
You howl as the wereblood boils in your veins!
Your primal bloodlust is almost over.
Your tentacle spike disappears.
There is an empty arch of ancient stone here.
There is a gate leading back out of this place here.
Saving game... please wait.
Welcome back, croobank the Octopode Transmuter.
Press ? for a list of commands and other information.
Welcome back to the Dungeon!
There is a collapsed entrance here.
Aiming: Corrosive Bolt
Press: ? - help, Shift-Dir - straight line, f - necrophage
Aim: a necrophage (71% to hit)
The bolt of acid hits the necrophage!
The acid corrodes the necrophage!
The necrophage is moderately damaged.
The necrophage hits you!
* * * LOW HITPOINT WARNING * * *
You feel drained.
You die...

+#### ######
#...# ...#.
.>.# ######.#.
... .........
## ##### ###
.......#. #.
#.n.#...#
.........
#.##.@.#.>.#
######...
#..#...#...#
...##.##
#+##.'#### #+
##.##.#
..#'#....####
###...†.#
#.'∩'.......#
#...#.###
###'#...###n#
#.###..#
#....## #.# #.#
##.# ###..
###'#######'###
.# #..
#....#~.P#....#
.#


You could see a necrophage (corroded).

Vanquished Creatures
  A sky beast (D:4)
  An elf zombie (Ossuary)
  A centaur zombie (Ossuary)
  An iguana (D:4)
  Terence (D:2)
  Ijyb (D:3)
  A mummy (Ossuary)
  6 adders
  A worm (D:2)
  2 dart slugs
  2 orcs (D:3)
  5 endoplasms
  2 giant cockroaches
  11 goblins
  10 hobgoblins
  8 jackals
  6 kobolds
  2 quokkas
  5 ball pythons
  4 bats
  2 frilled lizards
  A goblin zombie (Ossuary)
  4 hobgoblin zombies (Ossuary)
  An orc zombie (Ossuary)
  8 rats
87 creatures vanquished.

Vanquished Creatures (others)
  9 fungi (D:4)
9 creatures vanquished.

Grand Total: 96 creatures vanquished

Notes
Turn   | Place    | Note
-------+----------+-------------------------------------------
     0 | D:1      | croobank the Octopode Transmuter began the quest for the
                  | Orb.
     0 | D:1      | Reached XP level 1. HP: 13/13 MP: 3/3
   245 | D:1      | Found a faded altar of an unknown god.
   383 | D:1      | Reached XP level 2. HP: 18/18 MP: 3/5
   386 | D:1      | Learned a level 2 spell: Wereblood
  1481 | D:2      | Found Icviun's Armour Shoppe.
  1492 | D:2      | Reached XP level 3. HP: 23/23 MP: 3/6
  1519 | D:2      | Found Untolox's Weapon Shoppe.
  1663 | D:2      | Found a shimmering altar of Xom.
  1681 | D:2      | Noticed Terence
  1693 | D:2      | Killed Terence
  1694 | D:2      | Reached skill level 1 in Maces & Flails
  1936 | D:2      | Reached XP level 4. HP: 25/29 MP: 4/7
  1993 | D:2      | Found Maosol's Magic Scroll Shop.
  2010 | D:2      | Bought a scroll of identify for 20 gold pieces
  2012 | D:2      | Bought a scroll of identify for 20 gold pieces
  2061 | D:2      | Learned a level 3 spell: Summon Guardian Golem
  2566 | D:2      | Found Jauh's Armour Shoppe.
  2927 | D:3      | Reached XP level 5. HP: 12/34 MP: 9/9
  3520 | D:3      | Noticed Ijyb
  3537 | D:3      | Killed Ijyb
  4375 | D:4      | Found Axkeb's Antique Armour Shoppe.
  4409 | D:4      | Reached skill level 1 in Hexes
  4411 | D:4      | Found Ganem's Jewellery Emporium.
  4523 | D:4      | Noticed a sky beast
  4539 | D:4      | HP: 1/35 [sky beast (5)]
  4540 | D:4      | Killed a sky beast
  4541 | D:4      | Reached skill level 1 in Summonings
  4541 | D:4      | Reached XP level 6. HP: 4/41 MP: 8/10
  4824 | D:4      | Found a glowing silver altar of Zin.
  4829 | D:4      | Found a snail-covered altar of Cheibriados.
  4998 | D:4      | Found Kikisob's General Store.
  5003 | D:4      | Found a sand-covered staircase.
  5009 | Ossuary  | Entered an ossuary
  5078 | D:4      | HP: 1/41 [necrophage (7)]
  5078 | D:4      | Slain by a necrophage

Illustrated notes

Levels and vault maps discovered:
D:1:      ncdulo_smallfort, layout_loops_corners, serial_aquarium,
          aquarium_bridge_straight [aquarium_subvault_bridge,
          aquarium_subvault_wall, aquarium_subvault_bridge,
          aquarium_subvault_window], aquarium_bridge_square
          [aquarium_subvault_bridge, aquarium_subvault_balcony,
          aquarium_subvault_wall, aquarium_subvault_wall], aquarium_window_fake,
          aquarium_window_fake, aquarium_view_2c, aquarium_view_2a,
          aquarium_pool_double, hellmonk_ecumenical_altar_lost_god,
          minmay_tree_intersection, minmay_pentomino_z2
D:2:      minmay_thinvault, layout_basic, serial_shops, nicolae_lakefront_shop,
          shop_statue, shop_scrolls, nicolae_shop_crystal, basic_altar,
          uniq_terence
D:3:      kennysheep_goblin_castle, layout_loops_ring
D:4:      layout_basic, grunt_ashenzari_visionary
          [grunt_ashenzari_visionary_shoals, grunt_ashenzari_visionary_spider],
          minitemple, nicolae_ossuary_entry_false_entrances, serial_aquarium,
          aquarium_bridge_square [aquarium_subvault_balcony,
          aquarium_subvault_bridge, aquarium_subvault_wall,
          aquarium_subvault_wall], aquarium_window_1,
          aquarium_window_corridor_1, aquarium_view_2d, aquarium_view_2c,
          aquarium_pool_five, serial_shops, nicolae_shop_trees,
          kennysheep_mini_moat, shop, nicolae_shop_behind_doors,
          nicolae_shop_stone, uniq_eustachio

Skill      XL: |  1  2  3  4  5 |
---------------+----------------+-----
Maces & Flails | 1 2 |  2.4
Fighting       | 2 |  2.7
Spellcasting   | 3 |  3.2
Hexes          | 1 |  1.6
Transmutations | 3 |  3.3
Dodging        | 3 |  3.2
Summonings     | 1 |  1.8
Unarmed Combat | |  3.0

Action                   |  1- 3 |  4- 6 || total
-------------------------+-------+-------++-------
Melee: Unarmed           |     8 |       ||     8
       Mace              |    41 |       ||    41
       Kick              |    16 |    39 ||    55
       Constrict         |    16 |    33 ||    49
       Tentacles         |    11 |    23 ||    34
       Punch             |     1 |     3 ||     4
       Flail             |     4 |   131 ||   135
Throw: Throwing net      |       |     1 ||     1
       Boomerang         |       |     1 ||     1
 Cast: Beastly Appendage |    18 |    27 ||    45
       Wereblood         |    12 |    24 ||    36
Evoke: Wand              |       |     3 ||     3
  Use: Scroll            |       |    11 ||    11
       Potion            |       |     3 ||     3
 Stab: Sleeping          |       |     7 ||     7
Armor: Skin              |     5 |    30 ||    35
Dodge: Dodged            |    49 |   101 ||   150
